 Dungeon Crawl Stone Soup version 0.31-a0-854-g362426d53f (webtiles) character file.

Game seed: 17055530511930053020

1257 mortress the Firebug (level 8, 0/6 HPs)
             Began as a Demonspawn Fire Elementalist on Oct 8, 2023.
             Was an Initiate of Vehumet.
             Killed from afar by Sigmund (6 damage)
             ... with a magic dart
             ... on level 6 of the Dungeon.
             The game lasted 00:21:10 (5387 turns).

mortress the Firebug (Demonspawn Fire Elementalist) Turns: 5387, Time: 00:21:10

Health: 0/6        AC:  3    Str:  9    XL:     8   Next: 26%
Magic:  10/14      EV: 13    Int: 19    God:    Vehumet [......]
Gold:   388        SH:  0    Dex: 13    Spells: 2/15 levels left

rFire   . . .        e - melded +1 dagger (venom)
rCold   . . .        (shield currently unavailable)
rNeg    . . .        a - +0 robe
rPois   .            p - +0 helmet
rElec   .            (no cloak)
rCorr   .            v - melded +0 pair of gloves
SInv    .            (no boots)
Will    .....        (no amulet)
Stlth   +++          (no ring)
HPRegen 0.21/turn    (no ring)
MPRegen 0.14/turn

%: no passive effects
@: blade hands
A: reduced hp, hooves 1, yellow scales 1, foul stench 1, demonic magic 1
a: Begin Untransformation, Renounce Religion


You were on level 6 of the Dungeon.
You worshipped Vehumet.
Vehumet was noncommittal.
You had blades for hands.
You visited 2 branches of the dungeon, and saw 7 of its levels.

You collected 388 gold pieces.

Inventory:

Hand Weapons
 e - a +1 dagger of venom (melded)
Missiles
 s - 6 darts of dispersal
 x - 8 poisoned darts
 y - 2 curare-tipped darts
Armour
 a - a +0 robe (worn)
 o - a +0 pair of gloves
 p - a +0 helmet (worn)
 v - a +0 pair of gloves (melded)
Magical Staves
 h - a staff of fire
Jewellery
 t - the amulet of Ru's Displeasure {*Slow rElec rF++ rN+ Regen+}
   (You found it on level 4 of the Dungeon)

   [amulet of regeneration]

   rF++:      It greatly protects you from fire.
   rElec:     It insulates you from electricity.
   rN+:       It protects you from negative energy.
   Regen+:    It increases your rate of health regeneration.
   *Slow:     It may slow you when you take damage.
 D - an amulet of regeneration
Talismans
 l - a flux talisman
 G - a blade talisman (active)
Wands
 B - a wand of charming (6)
Scrolls
 d - 2 scrolls of vulnerability {unknown}
 g - 7 scrolls of identify {unknown}
 i - 3 scrolls of teleportation {unknown}
 j - 3 scrolls of poison {unknown}
 n - 2 scrolls of fear {unknown}
 q - a scroll of immolation {unknown}
 r - a scroll of amnesia {unknown}
 w - a scroll of enchant weapon {unknown}
 E - a scroll of brand weapon {unknown}
 F - a scroll of noise {unknown}
Potions
 b - a potion of magic
 c - a potion of cancellation {unknown}
 f - 2 potions of brilliance
 k - 2 potions of curing
 m - a potion of lignification {unknown}
 u - a potion of enlightenment {unknown}
 z - a potion of degeneration {unknown}
 A - a potion of mutation {unknown}
 C - a potion of attraction {unknown}


   Skills:
 + Level 3.7 Fighting
 + Level 4.1 Dodging
 + Level 4.3 Stealth
 + Level 4.1 Spellcasting
 + Level 4.0 Conjurations
 + Level 4.5 Fire Magic


You had 2 spell levels left.
You knew the following spells:

 Your Spells              Type           Power      Damage    Failure   Level
a - Foxfire               Conj/Fire      80%        2x1d8     2%          1
b - Scorch                Fire           42%        2d6       3%          2
c - Volatile Blastmotes   Fire/Tloc      24%        2d12      16%         3
d - Flame Wave            Conj/Fire      20%        2d7       24%         4
e - Inner Flame           Hex/Fire       12%        N/A       16%         3

Your spell library contained the following spells:

 Spells                   Type           Power      Damage    Failure   Level
 Apportation              Tloc           6%         N/A       14%         1
 Necrotise                Necr           12%        1d4       14%         1
 Sting                    Tmut/Pois      12%        1d3       14%         1
 Summon Small Mammal      Summ           12%        N/A       14%         1
 Poisonous Vapours        Pois/Air       6%         N/A       21%         2
 Call Canine Familiar     Summ           3%         N/A       38%         3
 Summon Guardian Golem    Hex/Summ       3%         N/A       38%         3
 Olgreb's Toxic Radiance  Pois           3%         N/A       80%         4


Dungeon Overview and Level Annotations

Branches:
Dungeon (6/15)             Temple (1/1) D:5

Altars:
Ashenzari
Cheibriados
Dithmenos
Fedhas
Gozag
Kikubaaqudgha
Nemelex Xobeh
Qazlal
Ru
Sif Muna
Trog
Uskayaw
Vehumet
Wu Jian
Xom

Annotations:
D:6 Sigmund


Innate Abilities, Weirdness & Mutations

You have blades for hands.
Your maximum health is decreased, since you lack skill for your form.
You are incapable of wielding weapons or throwing items.
You have large cloven feet.
You are partially covered in yellow scales. (AC +2)
You may rarely emit foul miasma when damaged in melee.
Spells you cast may paralyse adjacent enemies.


Message History

Flames lash the scorpion.
The scorpion is moderately wounded.
The scorpion's fire resistance burns away.
Malevolent energies surge around you.
The scorpion suddenly stops moving!
Unknown command.
The helpless scorpion fails to defend itself.
You hit the scorpion but do no damage.
The scorpion is moderately wounded.
Sigmund the Dreaded comes into view.
He is wielding a +0 scythe.
The helpless scorpion fails to defend itself.
You hit the scorpion but do no damage.
The scorpion is moderately wounded.
Sigmund shouts!
The scorpion is no longer paralysed.
The scorpion stings you but does no damage.
The scorpion is no longer more vulnerable to fire.
Sigmund mumbles some strange words.
Sigmund flickers and vanishes!
Deactivating autopickup; reactivate with Ctrl-A.
The scorpion barely misses you.
Casting: Scorch (safe; 3% risk of failure)
Confirm with . or Enter, or press ? or * to list all spells.
Flames lash the scorpion.
The scorpion is heavily wounded.
The scorpion's fire resistance burns away.
Malevolent energies surge around you. The scorpion misses you.
Unknown command.
The scorpion attacks as it pursues you! The scorpion misses you.
Casting: Scorch (safe; 3% risk of failure)
Confirm with . or Enter, or press ? or * to list all spells.
Flames lash the scorpion.
The scorpion is burned terribly!
You kill the scorpion!
Vehumet accepts your kill. Malevolent energies surge around you.
Your Conjurations skill increases to level 4!
You begin untransforming.
You continue untransforming.
A magic dart appears from out of thin air!
The magic dart hits you.
Ouch! That really hurt!
You die...

#. ...# #.# #.#
#. ...# #.# #.#
#.##..# #.# #.#
#.....#
#.####.######.#
#.#
#..........<..#
#.#
######.########
#.# #.#
#.##########.#
#..{...@.....#
##############


There were no monsters in sight!

Vanquished Creatures
  Pikel (D:5)
  A water moccasin (D:5)
  A black bear (D:4)
  An ogre (D:5)
  A lemure (D:5)
  2 scorpions
  A vampire bat (D:3)
  2 hounds
  A jelly (D:5)
  2 iguanas
  6 adders
  2 worms (D:4)
  2 dart slugs
  3 fire bats (D:3)
  6 orcs (D:3)
  2 spectral bats (D:3)
  3 bat skeletons (D:3)
  A bat zombie (D:3)
  9 endoplasms
  3 giant cockroaches
  5 goblins
  4 hobgoblins
  7 jackals
  A quokka (D:1)
  5 ball pythons
  11 bats
  A bat simulacrum (D:3)
  A frilled lizard (D:1)
  6 kobolds
  4 rats
95 creatures vanquished.

Vanquished Creatures (others)
  109 foxfires
109 creatures vanquished.

Grand Total: 204 creatures vanquished

Notes
Turn   | Place    | Note
-------+----------+-------------------------------------------
     0 | D:1      | mortress the Demonspawn Fire Elementalist began the quest
                  | for the Orb.
     0 | D:1      | Reached XP level 1. HP: 13/13 MP: 3/3
   223 | D:1      | Gained mutation: You may rarely emit foul miasma when
                  | damaged in melee. [demonic ancestry]
   223 | D:1      | Reached XP level 2. HP: 5/19 MP: 3/5
   337 | D:1      | Learned a level 2 spell: Scorch
   741 | D:2      | Identified the +0 pair of boots of Fashionability {Dex+3
                  | Stlth+}
   950 | D:2      | Reached XP level 3. HP: 16/25 MP: 1/6
  1779 | D:3      | Learned a level 3 spell: Volatile Blastmotes
  1855 | D:3      | Reached skill level 1 in Fighting
  1855 | D:3      | Reached XP level 4. HP: 32/32 MP: 7/7
  1991 | D:3      | Gained mutation: Spells you cast may paralyse adjacent
                  | enemies. [demonic ancestry]
  1991 | D:3      | Reached XP level 5. HP: 34/37 MP: 8/8
  3034 | D:4      | Identified the amulet of Ru's Displeasure {*Slow rElec rF++
                  | rN+ Regen+}
  3157 | D:4      | Gained mutation: You are partially covered in yellow
                  | scales. (AC +2) [demonic ancestry]
  3157 | D:4      | Reached XP level 6. HP: 44/44 MP: 10/10
  3584 | D:4      | Identified the +0 scale mail of the Comet {rF+}
  3882 | D:5      | Entered Level 5 of the Dungeon
  3891 | D:5      | Noticed a water moccasin
  3965 | D:5      | Found a sparkling altar of Nemelex Xobeh.
  4030 | D:5      | Found a sacrificial altar of Ru.
  4059 | D:5      | Noticed Pikel
  4085 | D:5      | Killed Pikel
  4086 | D:5      | Reached XP level 7. HP: 18/52 MP: 10/12
  4096 | D:5      | Learned a level 4 spell: Flame Wave
  4427 | D:5      | Found a staircase to the Ecumenical Temple.
  4648 | D:5      | Learned a level 3 spell: Inner Flame
  4661 | D:5      | Gained mutation: You have large cloven feet. [demonic
                  | ancestry]
  4661 | D:5      | Reached XP level 8. HP: 41/58 MP: 8/13
  4924 | Temple   | Entered the Ecumenical Temple
  4946 | Temple   | Became a worshipper of Vehumet
  5374 | D:6      | Noticed Sigmund
  5387 | D:6      | Killed from afar by Sigmund

Illustrated notes

Levels and vault maps discovered:
D:1:      kennysheep_arrival_seaside, layout_rooms
D:2:      layout_loops_ring, basic_altar, uniq_robin
D:3:      layout_loops_corners, goddamned_bats
D:4:      layout_cave_pods, old_standard_altar
D:5:      layout_loops_ring, lemuel_doored_altar,
          nicolae_ru_sacrificial_ziggurat, temple_doors_e, moated_statue,
          hangedman_glass_teeth, st_stairs_12, uniq_pikel
D:6:      layout_loops_ring, kennysheep_little_box, kennysheep_generic_room_14,
          uniq_grinder, uniq_sigmund
Temple:   eino_wide_crystal_templ

Skill      XL: |  1  2  3  4  5  6  7  8 |
---------------+-------------------------+-----
Stealth        | 2 3 4 |  4.3
Dodging        | 2 3 4 |  4.1
Fire Magic     | 3 4 |  4.5
Fighting       | 1 2 3 |  3.7
Conjurations   | 2 3 4 |  4.0
Spellcasting   | 3 4 |  4.1

Action                     |  1- 3 |  4- 6 |  7- 9 || total
---------------------------+-------+-------+-------++-------
  Melee: Lajatang          |    22 |       |       ||    22
         Staff             |     6 |       |       ||     6
         Dagger            |     4 |   124 |    37 ||   165
         Punch             |       |     1 |       ||     1
         Unarmed           |       |       |     5 ||     5
         Kick              |       |       |     5 ||     5
   Cast: Foxfire           |    35 |    27 |     5 ||    67
         Scorch            |    10 |     5 |     5 ||    20
         Volatile Blastmot |       |     1 |       ||     1
    Use: Potion            |     3 |       |       ||     3
         Scroll            |     1 |       |       ||     1
   Stab: Sleeping          |     1 |     5 |       ||     6
         Paralysed         |       |     1 |     4 ||     5
 Armour: Robe              |    46 |    97 |    26 ||   169
  Dodge: Dodged            |    61 |   118 |    26 ||   205
         Form:             |       |       |     1 ||     1
         Blade             |       |       |     1 ||     1

Table legend: (Time is in decaauts)
 A = Elapsed time spent in this place.
 B = Non-inter-level travel time spent in this place.
 C = Inter-level travel time spent in this place.
 D = Time resting spent in this place.
 E = Time spent auto-exploring this place.
 F = Levels seen in this place.
 G = Mean time per level.
                   A        B        C        D        E       F      G
               +--------+--------+--------+--------+--------+-----+--------+
         Total |   5377 |   5182 |    195 |    203 |   3832 |   7 |  768.1 |
       Dungeon |   5342 |   5147 |    195 |    203 |   3832 |   6 |  890.3 |
        Temple |     34 |     34 |      0 |      0 |      0 |   1 |   34.0 |
               +--------+--------+--------+--------+--------+-----+--------+

Top non-repeatable levels by time:
     D:3: 1445 daAuts
     D:5: 1091 daAuts
     D:4: 890 daAuts
     D:2: 770 daAuts
     D:1: 765 daAuts
     D:6: 378 daAuts
  Temple: 34 daAuts
